Construct Section Command Post
Selects Australian Defense Battlegroup
Selects Australian Light Infantry Section
Australian Light Infantry Section
Australian Light Infantry Section
Construct Platoon Command Post
Selects CMP 15cwt Supply Run
Selects CMP 15cwt Supply Run
Unlock Bishop Self-propelled Artillery
Bishop Self-propelled Artillery
Construct Company Command Post
Selects 2-pounder Anti-tank Gun Team
Australian Light Infantry Section
Selects Vehicle Over Repair
2-pounder Anti-tank Gun Team
Unlock M3 Grant Medium Tanks
Selects Reinforced Resource Caches
Selects Charged Creeping Barrage
Australian Light Infantry Section
Unlock M3 Stuart Light Tanks